 Dungeon Crawl Stone Soup version 0.29-a0-892-g2c4c91d9db (webtiles) character file.

Game seed: 14617988151795402361

46 Turgor the Chopper (level 3, 28/28 HPs)
             Began as a Demonspawn Gladiator on July 22, 2022.
             Was a Follower of Fedhas.
             Quit the game on level 3 of the Dungeon.
             The game lasted 00:09:37 (1821 turns).

Turgor the Chopper (Demonspawn Gladiator)           Turns: 1821, Time: 00:09:38

Health: 28/28      AC:  5    Str: 16    XL:     3   Next: 46%
Magic:  3/3        EV: 12    Int:  9    God:    Fedhas [*.....]
Gold:   232        SH:  8    Dex: 14    Spells: 2/2 levels left

rFire   . . .      SeeInvis .   a - +0 war axe
rCold   . . .      Faith    .   p - +0 buckler
rNeg    . . .      Spirit   .   g - +0 troll leather armour
rPois   .          Reflect  +   c - +0 helmet
rElec   .          Harm     .   s - scarf {repulsion}
rCorr   .          Rampage  .   (no gloves)
Will    .....                   (no boots)
Stlth   +.........              q - amulet of reflection
HPRegen 0.89/turn               (no ring)
MPRegen 0.08/turn               (no ring)

@: repel missiles
A: claws 1, demonic guardian 1
a: Renounce Religion


You were on level 3 of the Dungeon.
You worshipped Fedhas.
Fedhas was aware of your devotion.
You visited 1 branch of the dungeon, and saw 3 of its levels.

You collected 232 gold pieces.

Inventory:

Hand Weapons
 a - a +0 war axe (weapon)
Missiles
 d - 3 throwing nets (quivered)
 e - a javelin
Armour
 c - a +0 helmet (worn)
 g - a +0 troll leather armour (worn)
 m - a +0 cloak
 p - a +0 buckler (worn)
 s - a scarf of repulsion (worn)
Jewellery
 q - an amulet of reflection (around neck)
Scrolls
 b - 2 scrolls of enchant armour {unknown}
 f - a scroll of torment {unknown}
 h - 2 scrolls of identify {unknown}
 i - a scroll of acquirement {unknown}
 k - 3 scrolls of teleportation {unknown}
 n - a scroll of brand weapon {unknown}
 r - a scroll of vulnerability {unknown}
 t - a scroll of magic mapping {unknown}
Potions
 j - a potion of haste {unknown}
 l - 4 potions of curing {unknown}
 o - a potion of degeneration {unknown}
 u - a potion of heal wounds {unknown}
 v - a potion of flight {unknown}


   Skills:
 + Level 2.4 Fighting
 * Level 3.3 Axes
 - Level 1.7 Throwing
 + Level 1.1 Armour
 - Level 3.0 Dodging
 + Level 0.2 Shields


You had 2 spell levels left.
You didn't know any spells.
Your spell library contained the following spells:

 Spells                   Type           Power      Damage    Failure   Level
 Inner Flame              Hex/Fire       0%         N/A       90%         3
 Cause Fear               Hex            0%         N/A       100%        4
 Discord                  Hex            0%         N/A       100%        8


Dungeon Overview and Level Annotations

Branches:
Dungeon (3/15)

Altars:
Fedhas


Innate Abilities, Weirdness & Mutations

You have sharp fingernails.
A weak demonic guardian rushes to your aid.


Message History

You slash the rat!
You kill the rat!
No target in view!
No target in view!
HP restored.
You now have 183 gold pieces (gained 17).
You open the door.
Found a chain mail.
Found 4 stones.
There is an open door here.
There is an open door here.
There is an escape hatch in the ceiling here.
Found a dagger.
Found a stone staircase leading up and a stone staircase leading down.
You see here a +0 dagger.
You now have 190 gold pieces (gained 7).
Found a mace.
Found a faded altar of an unknown god.
v - a viscous clear potion You now have 206 gold pieces (gained 16).
Found 2 stones and a helmet.
You now have 221 gold pieces (gained 15).
You see here the +3 pair of mountain boots {steadfast, rC+}.
k - 3 scrolls labelled TENOAJ MYXYOR (gained 1)
You see here the +3 pair of mountain boots {steadfast, rC+}.
You now have 232 gold pieces (gained 11).
An endoplasm comes into view.
There is a faded altar of an unknown god here.
You cannot tell which god this altar belongs to.
Convert to them anyway?
Fedhas accepts your prayer! Fedhas welcomes you!
The plants of the dungeon cease their hostilities.
Okay, then.
Unknown command.
Press < or > to pray at altars.
Unknown command.
Press < or > to pray at altars.
Unknown command.
Press < or > to pray at altars.
Are you sure you want to abandon this character and quit the game? (Confirm with "yes".)

......###......#........##...[..#
.###### ###.####........##...####
.# #.# #........##.#.# .# #.#
#.######.##.#.# .# #.# #.#
#...(..# .# #.. ##.#########.###
## #.. #⌠.⌠##...###.# # # #..
##.###.#.....# #.##
#⌠@⌠#....##### .... ##.#######
..## ⌠.⌠ ...# #. ##.## ##.# #<
..# ##.# #.### ### ##.####...####
##...........# ##..##.......#


There were no monsters in sight!

Vanquished Creatures
  2 worms (D:2)
  A dart slug (D:2)
  2 bats
  5 endoplasms
  2 giant cockroaches
  5 goblins
  4 hobgoblins (D:2)
  2 quokkas
  5 ball pythons
  3 kobolds (D:2)
  5 rats
36 creatures vanquished.

Notes
Turn   | Place    | Note
-------+----------+-------------------------------------------
     0 | D:1      | Turgor the Demonspawn Gladiator began the quest for the
                  | Orb.
     0 | D:1      | Reached XP level 1. HP: 16/16 MP: 1/1
   430 | D:1      | Gained mutation: You have sharp fingernails. [demonic
                  | ancestry]
   430 | D:1      | Reached XP level 2. HP: 22/22 MP: 2/2
  1088 | D:2      | Gained mutation: A weak demonic guardian rushes to your
                  | aid. [demonic ancestry]
  1088 | D:2      | Reached XP level 3. HP: 28/28 MP: 3/3
  1244 | D:2      | Reached skill level 1 in Armour
  1710 | D:3      | Found a faded altar of an unknown god.
  1722 | D:3      | Found the +3 pair of mountain boots {steadfast, rC+}
  1820 | D:3      | Prayed at the altar of an unknown god.
  1820 | D:3      | Became a worshipper of Fedhas Madash
  1820 | D:3      | Reached * piety under Fedhas
  1821 | D:3      | Quit the game

Illustrated notes

Levels and vault maps discovered:
D:1:      matt_arrival_los_fun, layout_basic, chequers_serial_rivers_micro_a,
          minmay_3d_cube
D:2:      layout_basic
D:3:      layout_loops_cross, ebering_ecumenical_altar_hall, nrook_campfire,
          kennysheep_small_spiral

Skill      XL: |  1  2  3 |
---------------+----------+-----
Axes           | 3 |  3.3
Dodging        | 3 |  3.0
Armour         | 1 |  1.1
Fighting       | |  2.4
Throwing       | |  1.7
Shields        | |  0.2

Action                   || total
-------------------------++-------
Melee: War axe           ||   111
Armor: Troll leather arm ||    38
Dodge: Dodged            ||    64
Block: Buckler           ||    11

Table legend: (Time is in decaauts)
 A = Elapsed time spent in this place.
 B = Non-inter-level travel time spent in this place.
 C = Inter-level travel time spent in this place.
 D = Time resting spent in this place.
 E = Time spent auto-exploring this place.
 F = Levels seen in this place.
 G = Mean time per level.
                   A        B        C        D        E       F      G
               +--------+--------+--------+--------+--------+-----+--------+
         Total |   1862 |   1722 |    140 |      0 |   1300 |   3 |  620.7 |
       Dungeon |   1862 |   1722 |    140 |      0 |   1300 |   3 |  620.7 |
               +--------+--------+--------+--------+--------+-----+--------+

Top non-repeatable levels by time:
     D:1: 894 daAuts
     D:2: 590 daAuts
     D:3: 377 daAuts
